 Dungeon Crawl Stone Soup version bcrawl-1.19.1 (webtiles) character file.

Game seed: 5179750769184533088

32 Redear the Ducker (level 3, -2/26 HPs)
             Began as an Octopode Fighter on Dec 7, 2019.
             Killed by divine providence
             ... invoked by an orc priest
              (13 damage)
             ... on level 2 of the Dungeon.
             The game lasted 00:00:59 (1292 turns).

Redear the Ducker (Octopode Fighter)                Turns: 1292, Time: 00:00:59

Health: -2/26      AC:  1    Str: 15    XL:     3   Next: 25%
Magic:  3/3        EV: 12    Int: 10    God:
Gold:   149        SH:  9    Dex: 12    Spells: 2/2 levels left

rFire    . . .     SeeInvis .   a - +0 long sword
rCold    . . .     Gourm    .   b - +0 shield
rNeg     . . .     Faith    .   (helmet restricted)
rPois    .         Spirit   .   (cloak restricted)
rElec    .         Reflect  .   (no amulet)
rCorr    .         Harm     .   (no ring)
MR       .....                  (no ring)
Stlth    +++.......             (no ring)
HPRegen  0.08/turn              (no ring)
MPRegen  0.08/turn              (no ring)
                                (no ring)
                                (no ring)
                                (no ring)

@: no status effects
A: almost no armour, stealthy swim, amphibious, 8 rings, constrict 8, camouflage
1, gelatinous body 1
a: no special abilities


You were on level 2 of the Dungeon.
You were not hungry.

You visited 1 branch of the dungeon, and saw 2 of its levels.

You collected 149 gold pieces.

Inventory:

Hand Weapons
 a - a +0 long sword (weapon)
Missiles
 l - 110 stones (quivered)
Armour
 b - a +0 shield (worn)
Scrolls
 f - a scroll of enchant armour {unknown}
 i - a scroll of noise {unknown}
 j - a scroll of remove curse {unknown}
 k - a scroll of magic mapping {unknown}
 n - 2 scrolls of identify {unknown}
Potions
 c - a potion of might
 e - 2 potions of curing {unknown}
 g - a potion of agility {unknown}
 h - 2 potions of flight {unknown}
Comestibles
 d - 4 rations {!d}
 m - 2 chunks of flesh


   Skills:
 + Level 3.3 Fighting
 - Level 2.0 Long Blades
 + Level 3.3 Dodging
 * Level 2.0 Stealth
 + Level 3.3 Shields


You had 2 spell levels left.
You didn't know any spells.
Your spell library was empty.

Dungeon Overview and Level Annotations

Branches:
Dungeon (2/12)

Altars:


Innate Abilities, Weirdness & Mutations

You cannot wear most types of armour.
You are very stealthy in the water. (Stealth+)
You are amphibious.
You can wear up to eight rings at the same time.
You can use your tentacles to constrict eight enemies at once.
Your skin changes colour to match your surroundings (Stealth+).
Your rubbery body absorbs attacks. (AC +1, EV +1)


Message History

A giant cockroach comes into view.
The giant cockroach moves out of view.
The goblin closely misses you.
You closely miss the goblin. Your grab misses the goblin.
You block the goblin's attack.
You slash the goblin!
You kill the goblin!
You slash the giant cockroach!
You kill the giant cockroach!
Your Stealth skill increases to level 2!
The orc closely misses you.
An orc comes into view. It is wielding a +0 flail.
Things that are here:
a +0 dagger; a giant cockroach corpse; a goblin corpse You hit the orc but do no damage.
Your grab misses the orc. Your squeeze misses the orc.
The orc hits you with a +0 club.
The orc priest invokes the aid of Beogh against you.
Beogh smites you!
Ouch! That really hurt!
You die...

#...# #...# ####
####...##### ##...##
......^%..o #.....###
.........# ###.......#
...>... ........#.#
#..$# ..o....@o.#
###.o.#####
..##..###o###.........#
..........o$o...####.#
...#..###.###.#..# ## #
#.........######
#...............
#..###.#..##### #..#
#.#..# #...# #.#..#


You could see an orc priest and 3 orcs.

Vanquished Creatures
  A dart slug (D:1)
  A leopard gecko (D:1)
  A ball python (D:1)
  A giant cockroach (D:2)
  5 goblins
  3 hobgoblins
  4 bats (D:1)
  3 frilled lizards
  4 kobolds
  6 rats
29 creatures vanquished.

Notes
Turn   | Place    | Note
-------+----------+-------------------------------------------
     0 | D:1      | Redear the Octopode Fighter began the quest for the Orb.
     0 | D:1      | Reached XP level 1. HP: 16/16 MP: 1/1
   131 | D:1      | Reached skill level 1 in Stealth
   131 | D:1      | Reached XP level 2. HP: 21/21 MP: 2/2
   813 | D:1      | Reached XP level 3. HP: 26/26 MP: 3/3
  1292 | D:2      | Killed from afar by an orc priest

Skill      XL: |  1  2  3 |
---------------+----------+-----
Stealth        | 1 2 |  2.0
Fighting       | |  3.3
Long Blades    | |  2.0
Dodging        | |  3.3
Shields        | |  3.3

Action                   || total
-------------------------++-------
Melee: Long sword        ||    44
       Constrict         ||    15
       Tentacles         ||     9
 Stab: Sleeping          ||    10
  Eat: Chunk             ||     1
Armor: Skin              ||     5
Dodge: Dodged            ||    10
Block: Shield            ||    14
